 Dungeon Crawl Stone Soup version 0.22-a0-475-g101988f953 (webtiles) character file.

59508 Rrauwl the Executioner (level 14, -18/121 HPs)
             Began as a Hill Orc Fighter on June 14, 2018.
             Was the Champion of Okawaru.
             Demolished by a titanic slime creature (87 damage)
             ... on level 12 of the Dungeon.
             The game lasted 00:57:23 (19386 turns).

Rrauwl the Executioner (Hill Orc Fighter)          Turns: 19386, Time: 00:57:23

Health: -18/121    AC: 25    Str: 22    XL:     14   Next: 95%
Magic:  21/23      EV: 16    Int: 10    God:    Okawaru [******]
Gold:   1513       SH:  0    Dex: 10    Spells: 10/13 levels left

rFire    . . .     SeeInvis .   a - +4 executioner's axe (venom)
rCold    + . .     Gourm    .   (shield currently unavailable)
rNeg     + . .     Faith    .   t - +1 plate armour {rN+}
rPois    .         Spirit   .   A - +1 helmet
rElec    .         Reflect  .   R - +0 cloak {MR+}
rCorr    .         Harm     .   n - +1 pair of gloves
MR       ++...                  B - +0 pair of boots
Stlth    ..........             (no amulet)
HPRegen  0.70/turn              x - +5 ring of evasion
MPRegen  0.18/turn              I - ring of protection from cold

@: heroism
A: clever 1, regeneration 1, weak 1
a: Heroism, Finesse, Renounce Religion


You were on level 12 of the Dungeon.
You worshipped Okawaru.
Okawaru was exalted by your worship.
You were not hungry.

You visited 3 branches of the dungeon, and saw 19 of its levels.
You also visited: Ossuary and Ice Cave.

You collected 1693 gold pieces.
You spent 180 gold pieces at shops.

Inventory:

Hand Weapons
 a - a +4 executioner's axe of venom (weapon)
 b - a +0 hand crossbow of flaming
 c - a +4 dire flail
Missiles
 q - 216 bolts
 s - a throwing net (quivered)
Armour
 n - a +1 pair of gloves (worn)
 t - a +1 plate armour of positive energy (worn)
 A - a +1 helmet (worn)
 B - a +0 pair of boots (worn)
 R - a +0 cloak of magic resistance (worn)
Jewellery
 h - an uncursed ring of protection from fire
 x - a +5 ring of evasion (left hand)
 I - a ring of protection from cold (right hand)
Wands
 g - a wand of polymorph (58)
 k - a wand of clouds (3)
 w - a wand of disintegration (16)
 C - a wand of iceblast (5)
 H - a wand of paralysis (12)
 L - a wand of acid (15)
 M - a wand of digging (32)
Scrolls
 j - 7 scrolls of fog
 l - 4 scrolls of blinking
 m - 9 scrolls of teleportation
 o - 10 scrolls of identify
 v - 4 scrolls of remove curse
 Q - 2 scrolls of fear
Potions
 d - 8 potions of curing
 f - a potion of agility
 p - a potion of invisibility
 z - 2 potions of heal wounds
 E - 3 potions of flight
 F - 3 potions of haste
Miscellaneous
 i - a lamp of fire
Comestibles
 e - 36 rations
 r - 6 chunks of flesh


   Skills:
 - Level 10.0(15.0) Fighting
 + Level 21.8(26.8) Axes
 - Level 5.0(10.0) Crossbows
 - Level 8.0(13.0) Armour
 - Level 5.0(10.0) Dodging
   Level 8.0(13.0) Shields
 - Level 12.0 Invocations
 - Level 5.0 Evocations


You had 10 spell levels left.
You knew the following spells:

 Your Spells              Type           Power        Failure   Level  Hunger
a - Blink                 Tloc           N/A          99%         2    ###....
b - Summon Butterflies    Summ           #.......     99%         1    ##.....

Your spell library contained the following spells:

 Spells                   Type           Power        Failure   Level  Hunger
 Magic Dart               Conj           #...         99%         1    ##.....
 Conjure Flame            Conj/Fire      #.......     100%        3    ####...
 Slow                     Hex            #.......     99%         2    ###....
 Confuse                  Hex            #.......     100%        3    ####...
 Mephitic Cloud           Conj/Pois/Air  #.......     100%        3    ####...
 Summon Small Mammal      Summ           #...         99%         1    ##.....
 Summon Ice Beast         Ice/Summ       #.......     100%        4    #####..
 Ozocubu's Armour         Chrm/Ice       #.......     100%        3    ####...
 Call Imp                 Summ           #.......     99%         2    ###....
 Recall                   Summ/Tloc      N/A          100%        3    ####...
 Confusing Touch          Hex            #.....       99%         1    ##.....
 Call Canine Familiar     Summ           #.......     100%        3    ####...
 Metabolic Englaciation   Hex/Ice        #.........   100%        5    ######.
 Petrify                  Tmut/Erth      #.......     100%        4    #####..
 Shroud of Golubria       Chrm/Tloc      #.........   99%         2    ###....
 Iskenderun's Battlesphe  Conj/Chrm      #.......     100%        5    ######.
 Summon Lightning Spire   Summ/Air       #.......     100%        4    #####..
 Summon Guardian Golem    Hex/Summ       #.......     100%        3    ####...
 Spellforged Servitor     Conj/Summ      #.........   100%        7    #######
 Gell's Gravitas          Tloc           #.........   100%        3    ####...
 Yara's Violent Unravell  Hex/Tmut       #.........   100%        5    ######.
 Lesser Beckoning         Tloc           #.........   100%        3    ####...


Dungeon Overview and Level Annotations

Branches:
Dungeon (12/15)            Temple (1/1) D:7            Lair (6/6) D:11
 Shoals (0/4) Lair:4       Spider (0/4) Lair:4        Slime (0/5) Lair:5
    Orc (0/2) D:10

Altars:
Ashenzari
Cheibriados
Dithmenos
Elyvilon
Fedhas
Gozag
Hepliaklqana
Kikubaaqudgha
Makhleb
Nemelex Xobeh
Okawaru
Qazlal
Ru
Sif Muna
Trog
Uskayaw
Vehumet
Wu Jian
Xom
Yredelemnul
Zin
The Shining One

Shops:
D:6 }   D:11 ?


Innate Abilities, Weirdness & Mutations

Your mind is acute. (Int +2)
Your natural rate of healing is unusually fast.
You are weak. (Str -2)


Message History

Unknown command.
You slice the titanic slime creature!!
The titanic slime creature is moderately wounded.
The titanic slime creature misses you.
Unknown command.
You barely miss the titanic slime creature.
The titanic slime creature is moderately wounded.
Unknown command.
Unknown command.
You feel more confident with your borrowed prowess.
The titanic slime creature barely misses you.
You hit the titanic slime creature.
The titanic slime creature is moderately wounded.
The titanic slime creature hits you!!!
Unknown command.
You slice the titanic slime creature!!
The titanic slime creature is heavily wounded.
The titanic slime creature hits you!!!!
Ouch! That really hurt!
You die...

.# #.### .# #.# ## #.# ##
#.# .## #.# ..## ##.# ...##
##..# ##
...<####...###########...##
....'...........@J.J.......
....####...#########.#...##
...## ##..# .# ## ..## ##.#
.# .## ##.# .# ## #..# .# #
#.## .# # #.# .# ## #<#


You could see a titanic slime creature and a slime creature.

Vanquished Creatures
  Gastronok (D:10)
  Kirke (Lair:5)
  A frost giant (IceCv)
  The ghost of gouglew the Severer, a journeyman HOFi of Qazlal (Lair:5)
  Josephine (Lair:5)
  4 hydras
  3 catoblepae (Lair:6)
  A two-headed ogre (D:10)
  12 death yaks
  The ghost of Wolly the Changer, a novice DrTm of Wu Jian (D:7)
  An orb spider (Lair:4)
  2 manticores (Lair:6)
  An ugly thing (D:12)
  2 oklob plants (Lair:5)
  A cyclops (D:11)
  An elephant (Lair:5)
  A centaur zombie (D:12)
  An ice statue (IceCv)
  A gargoyle (D:11)
  6 spiny frogs
  8 komodo dragons
  2 rime drakes
  A queen bee (D:9)
  24 polar bears
  4 blink frogs (Lair:4)
  10 dream sheep
  6 hippogriffs
  4 wraiths (Lair:5)
  60 yaks
  2 wyverns
  3 hogs (Lair:5)
  A basilisk (Lair:1)
  An acid dragon (D:11)
  9 water moccasins
  Duvessa (D:7)
  8 porcupines
  7 orc warriors
  4 sky beasts
  11 ice beasts
  4 black bears
  The ghost of levstk the Ruffian, an amateur DrTm (D:3)
  11 centaurs
  4 ogres
  2 phantoms (D:8)
  12 wolves (IceCv)
  17 crocodiles
  An elf zombie (Ossuary)
  2 big kobolds
  17 bullfrogs
  A gnoll sergeant (D:9)
  Dowan (D:7)
  A wyvern zombie (D:10)
  4 scorpions
  4 wights (D:9)
  22 killer bees
  A howler monkey (D:7)
  4 crimson imps
  3 jellies
  A bullfrog zombie (D:6)
  3 human zombies (Ossuary)
  3 quasits
  3 centaur skeletons
  5 hounds
  3 gnoll shamans (D:4)
  6 orc priests
  Crazy Yiuf (D:7)
  2 bullfrog skeletons
  10 orc wizards
  2 iguanas
  8 worker ants
  3 hound zombies
  A hound skeleton (D:8)
  5 mummies
  A worker ant zombie (D:8)
  A howler monkey skeleton (D:6)
  34 gnolls
  11 adders
  3 shadow imps
  A white imp (D:6)
  3 adder zombies
  2 adder skeletons
  4 worms
  A dart slug (D:3)
  4 leopard geckos
  46 orcs
  A ball python (D:2)
  2 giant cockroaches
  12 goblins
  12 hobgoblins
  22 jackals
  15 kobolds
  A quokka (D:3)
  5 bats
  5 frilled lizards
  A giant cockroach zombie (D:5)
  4 hobgoblin zombies
  A jackal skeleton (D:5)
  3 kobold zombies (Ossuary)
  A leopard gecko zombie (D:5)
  An orc zombie (Ossuary)
  A quokka zombie (D:5)
  13 rats
  7 fungi
  3 plants
598 creatures vanquished.

Vanquished Creatures (others)
  3 humans (Lair:5)
  2 fungi
  7 plants
12 creatures vanquished.

Grand Total: 610 creatures vanquished

Notes
Turn   | Place    | Note
-------+----------+-------------------------------------------
     0 | D:1      | Rrauwl the Hill Orc Fighter began the quest for the Orb.
     0 | D:1      | Reached XP level 1. HP: 19/19 MP: 1/1
   197 | D:1      | Reached XP level 2. HP: 22/27 MP: 2/2
   323 | D:1      | Reached skill level 3 in Axes
   997 | D:2      | Reached XP level 3. HP: 31/33 MP: 3/3
  1442 | D:2      | Reached skill level 1 in Dodging
  1689 | D:2      | Reached XP level 4. HP: 33/40 MP: 4/4
  1809 | D:3      | Noticed levstk's ghost (amateur DrTm)
  1823 | D:3      | Killed levstk's ghost
  1823 | D:3      | Reached skill level 4 in Axes
  1823 | D:3      | Reached XP level 5. HP: 36/46 MP: 5/5
  1874 | D:3      | Reached skill level 5 in Axes
  1874 | D:3      | Reached XP level 6. HP: 34/52 MP: 6/6
  2332 | D:3      | Reached skill level 6 in Axes
  2607 | D:4      | Found a sacrificial altar of Ru.
  2652 | D:4      | Reached skill level 7 in Axes
  2660 | D:4      | Reached XP level 7. HP: 6/59 MP: 7/7
  2865 | D:4      | HP: 1/59 [orc priest/divine providence (12)]
  2867 | D:4      | Reached skill level 8 in Axes
  3131 | D:4      | Found a sand-covered staircase.
  3140 | Ossuary  | Entered an ossuary
  3189 | Ossuary  | Reached skill level 9 in Axes
  3948 | D:4      | Reached skill level 10 in Axes
  3948 | D:4      | Reached XP level 8. HP: 66/66 MP: 8/8
  4561 | D:4      | Reached skill level 11 in Axes
  4956 | D:5      | Entered Level 5 of the Dungeon
  5019 | D:5      | Found a shadowy altar of Dithmenos.
  5028 | D:5      | Found an ancient bone altar of Kikubaaqudgha.
  5034 | D:5      | Reached skill level 12 in Axes
  5286 | D:5      | You fall through a shaft!
  6059 | D:6      | Reached XP level 9. HP: 51/72 MP: 9/9
  6330 | D:6      | Found Ivywejuh's Gadget Shop.
  6646 | D:6      | Reached skill level 5 in Armour
  6646 | D:6      | Reached skill level 5 in Shields
  6856 | D:7      | Reached skill level 5 in Fighting
  6878 | D:7      | Found a runed door.
  6882 | D:7      | Noticed Crazy Yiuf
  6891 | D:7      | Killed Crazy Yiuf
  7001 | D:7      | Found a shimmering altar of Xom.
  7020 | D:7      | Noticed Wolly's ghost (novice DrTm)
  7043 | D:7      | Killed Wolly's ghost
  7043 | D:7      | Reached skill level 13 in Axes
  7078 | D:7      | Reached skill level 14 in Axes
  7115 | D:7      | Found a staircase to the Ecumenical Temple.
  7150 | D:7      | Found a glowing silver altar of Zin.
  7151 | D:7      | Found a radiant altar of Vehumet.
  7226 | D:7      | Noticed Duvessa
  7226 | D:7      | Noticed Dowan
  7236 | D:7      | Killed Duvessa
  7251 | D:7      | Killed Dowan
  7258 | D:7      | Found a white marble altar of Elyvilon.
  7931 | D:8      | Reached XP level 10. HP: 81/81 MP: 10/10
  7973 | D:8      | Reached skill level 15 in Axes
  8496 | D:8      | Learned a level 2 spell: Blink
  8518 | D:8      | Found a hazy altar of Hepliaklqana.
  8770 | D:8      | Identified the Tome of Lucky Creation
  8774 | D:8      | Learned a level 1 spell: Summon Butterflies
  8956 | Temple   | Entered the Ecumenical Temple
  8968 | Temple   | Became a worshipper of Warmaster Okawaru
  9091 | D:9      | Reached skill level 16 in Axes
  9245 | D:9      | Found a bloodstained altar of Trog.
  9313 | D:9      | Gained mutation: Your natural rate of healing is unusually fast. [potion of mutation]
  9313 | D:9      | Gained mutation: You are weak. (Str -2) [potion of mutation]
  9313 | D:9      | Gained mutation: Your mind is acute. (Int +2) [potion of mutation]
  9523 | D:9      | Reached * piety under Okawaru
  9601 | D:9      | Reached skill level 17 in Axes
 10032 | D:10     | Entered Level 10 of the Dungeon
 10250 | D:10     | Reached XP level 11. HP: 81/86 MP: 11/11
 10280 | D:10     | Noticed Gastronok
 10329 | D:10     | Killed Gastronok
 10329 | D:10     | Reached ** piety under Okawaru
 10329 | D:10     | Reached skill level 18 in Axes
 10351 | D:10     | Found a staircase to the Orcish Mines.
 10379 | D:10     | Found a basalt altar of Yredelemnul.
 10616 | D:10     | Reached skill level 1 in Invocations
 10621 | D:10     | Noticed a two-headed ogre
 10645 | D:10     | Killed a two-headed ogre
 10645 | D:10     | Reached skill level 1 in Evocations
 10989 | D:11     | Reached *** piety under Okawaru
 11171 | D:11     | Found Quic's Magic Scroll Shoppe.
 11179 | D:11     | Bought a scroll of enchant armour for 90 gold pieces
 11179 | D:11     | Bought a scroll of enchant armour for 90 gold pieces
 11386 | D:11     | Noticed a cyclops
 11415 | D:11     | Killed a cyclops
 11415 | D:11     | Reached **** piety under Okawaru
 11665 | D:11     | Found a staircase to the Lair.
 11747 | Lair:1   | Entered Level 1 of the Lair of Beasts
 11913 | Lair:1   | Noticed a six-headed hydra
 12087 | Lair:1   | Killed a six-headed hydra
 12087 | Lair:1   | Reached skill level 19 in Axes
 12087 | Lair:1   | Reached XP level 12. HP: 15/96 MP: 12/14
 12221 | Lair:1   | Noticed a five-headed hydra
 12230 | Lair:1   | Killed a five-headed hydra
 12703 | Lair:1   | Reached ***** piety under Okawaru
 12708 | Lair:1   | Received a gift from Okawaru
 13091 | Lair:1   | Reached skill level 5 in Invocations
 13372 | Lair:2   | Noticed a six-headed hydra
 13389 | Lair:2   | Killed a six-headed hydra
 13705 | Lair:2   | Received a gift from Okawaru
 14250 | Lair:3   | Reached skill level 10 in Invocations
 14258 | Lair:3   | Found a frozen archway.
 14276 | Lair:3   | Reached skill level 1 in Crossbows
 14326 | IceCv    | Entered an ice cave
 14430 | IceCv    | Reached XP level 13. HP: 105/105 MP: 20/20
 14654 | IceCv    | Received a gift from Okawaru
 14664 | IceCv    | Got a brightly glowing battleaxe {god gift}
 14670 | IceCv    | Identified the +7 battleaxe of Disharmony {chop, Dex+4} (Okawaru gifted it to you in an ice cave)
 14818 | IceCv    | Noticed a frost giant
 14842 | IceCv    | Killed a frost giant
 14892 | IceCv    | Identified the Reference Book on Cold and Orientation
 15736 | Lair:4   | Found a staircase to the Shoals.
 15829 | Lair:4   | Received a gift from Okawaru
 15835 | Lair:4   | Reached skill level 5 in Evocations
 15909 | Lair:4   | Found a hole to the Spider Nest.
 16233 | Lair:4   | Reached skill level 5 in Crossbows
 16233 | Lair:4   | Reached skill level 5 in Dodging
 16397 | Lair:4   | Reached XP level 14. HP: 53/116 MP: 22/22
 16803 | Lair:5   | Received a gift from Okawaru
 16963 | Lair:5   | Noticed Kirke
 16992 | Lair:5   | Killed Kirke
 16992 | Lair:5   | Noticed gouglew's ghost (journeyman HOFi)
 17099 | Lair:5   | Killed gouglew's ghost
 17348 | Lair:5   | Noticed Josephine
 17362 | Lair:5   | Killed Josephine
 17362 | Lair:5   | Reached skill level 10 in Fighting
 17363 | Lair:5   | Reached skill level 20 in Axes
 17693 | Lair:5   | Found a staircase to the Slime Pits.
 17954 | Lair:6   | Entered Level 6 of the Lair of Beasts
 18107 | Lair:6   | Received a gift from Okawaru
 18469 | Lair:6   | Reached ****** piety under Okawaru
 18470 | Lair:6   | Received a gift from Okawaru
 18487 | Lair:6   | Reached skill level 21 in Axes
 18519 | Lair:6   | Got a crude battleaxe {god gift}
 18520 | Lair:6   | Identified the +7 battleaxe of Gallantry {antimagic, Dex+2 Stlth+} (Okawaru gifted it to you on level 6 of the Lair of Beasts)
 19386 | D:12     | Demolished by a titanic slime creature

Vault maps used:
D:1:      co_arrival_random_square_maze, minmay_misc_feat_chi,
          columned_hall_lemuel
D:2:      first_ration, roderic_lattice_a
D:4:      lemuel_castle_with_subvaults, nicolae_ru_sacrificial_ziggurat,
          nicolae_ossuary_entry_giza, cheibrodos_sewer_entry_bend,
          minmay_goblin_outpost
D:5:      nicolae_dithmenos_shadow_blocks, basic_altar, due_unseen_surprise
D:6:      serial_shops, shop, serial_glass, glass_columns_b, glass_columns_a,
          glass_columns_b, glass_columns_a, glass_columns_b, glass_columns_a,
          minmay_fire_ice_demons
D:7:      nicolae_overflow_crystal_walls, overflow_temple_1_default,
          nicolae_overflow_hidden_temple, minmay_temple_entry_from_below_a,
          uniq_crazy_yiuf_cottage, uniq_duvessa
D:8:      kennysheep_little_box
D:9:      minmay_distorted_concentric_squares, old_standard_altar,
          david_nohive_1
D:10:     orc_0_dummy, yredelemnul_altar_generic, uniq_gastronok
D:11:     grunt_lair_entry_orc_guard_hut, serial_shops, nicolae_shop_crystal
Temple:   nicolae_temple_great_sept
Lair:1:   beast_lair_carwin_large_2, st_stairs_9, patterned_corridor
Lair:2:   lemuel_fruit_fields
Lair:3:   portal_ice_cave_entry_ice_beasts
Lair:4:   minmay_shoals_entry_centaurs, nicolae_spider_entry_orb_guardian,
          grunt_megastairs_2
Lair:5:   slime_dummy, minmay_hedge_maze, minmay_lair_oklob_chamber,
          uniq_josephine, uniq_kirke
Lair:6:   evilmike_catoblepas_cave
Ossuary:  ossuary_minmay_tomb_2a
IceCv:    ice_cave_caverns_03

Skill      XL: |  1  2  3  4  5  6  7  8  9 10 11 12 13 14 |
---------------+-------------------------------------------+-----
Axes           | 3 4 5 7 10 12 14 17 19 21 | 21.8
Fighting       | 4 5 6 7 8 10 | 10.0
Dodging        | 1 2 3 4 5 |  5.0
Armour         | 4 5 6 7 8 |  8.0
Shields        | 4 5 6 7 8 |  8.0
Invocations    | 3 10 11 12 | 12.0
Evocations     | 2 4 5 |  5.0
Crossbows      | 3 5 |  5.0

Action                   |  1- 3 |  4- 6 |  7- 9 | 10-12 | 13-15 || total
-------------------------+-------+-------+-------+-------+-------++-------
Melee: War axe           |   158 |    89 |   493 |   954 |   113 ||  1807
       Flail             |       |       |    82 |    32 |       ||   114
       Battleaxe         |       |       |       |       |   139 ||   139
       Executioner's axe |       |       |       |       |   357 ||   357
       Unarmed           |       |       |       |       |    15 ||    15
 Fire: Hand crossbow     |       |       |       |    29 |       ||    29
Throw: Tomahawk          |       |       |       |     1 |       ||     1
Invok: Heroism           |       |       |       |    13 |    11 ||    24
       Finesse           |       |       |       |       |     1 ||     1
Evoke: Wand              |       |       |       |     1 |     4 ||     5
  Use: Potion            |       |     5 |    10 |     5 |       ||    20
       Scroll            |       |     7 |     5 |     4 |     1 ||    17
 Stab: Petrified         |       |       |       |       |     4 ||     4
       Petrifying        |       |       |       |       |     2 ||     2
  Eat: Chunk             |     3 |     3 |    14 |    15 |    13 ||    48
       Ration            |       |       |     1 |     2 |     1 ||     4
Armor: Scale mail        |    66 |    37 |   144 |       |       ||   247
       Chain mail        |       |       |    16 |   203 |       ||   219
       Plate armour      |       |       |       |    77 |   240 ||   317
Dodge: Dodged            |    37 |    36 |   195 |   502 |   297 ||  1067
Block: Shield            |    72 |    20 |       |       |       ||    92
       Buckler           |       |    11 |   133 |   297 |    36 ||   477

Table legend:
 A = Spawn XP
 B = Non-spawn XP
 C = Spawn XP percentage of total XP
 D = Spawn monster count
 E = Non-spawn monster count
 F = Spawn count percentage of total count
 G = Total turns spent on level
                    A         B        C        D         E        F      G
               +---------+---------+-------+---------+---------+-------+---------
         Total |       0 |   85012 |   0.0 |       0 |     588 |   0.0 | 19386
               +---------+---------+-------+---------+---------+-------+---------
           D:1 |       0 |      23 |   0.0 |       0 |      16 |   0.0 |   897
           D:2 |       0 |      62 |   0.0 |       0 |      28 |   0.0 |   889
           D:3 |       0 |     365 |   0.0 |       0 |      20 |   0.0 |   773
           D:4 |       0 |    1075 |   0.0 |       0 |      78 |   0.0 |  1875
           D:5 |       0 |     256 |   0.0 |       0 |      17 |   0.0 |   865
           D:6 |       0 |     839 |   0.0 |       0 |      21 |   0.0 |  1025
           D:7 |       0 |    1559 |   0.0 |       0 |      23 |   0.0 |   942
           D:8 |       0 |    1592 |   0.0 |       0 |      35 |   0.0 |  1179
           D:9 |       0 |    2634 |   0.0 |       0 |      45 |   0.0 |   978
          D:10 |       0 |    4599 |   0.0 |       0 |      30 |   0.0 |   947
          D:11 |       0 |    3778 |   0.0 |       0 |      33 |   0.0 |   907
          D:12 |       0 |    1889 |   0.0 |       0 |       9 |   0.0 |   187
        Lair:1 |       0 |    5218 |   0.0 |       0 |      21 |   0.0 |  1567
        Lair:2 |       0 |    5309 |   0.0 |       0 |      22 |   0.0 |   622
        Lair:3 |       0 |    3641 |   0.0 |       0 |      20 |   0.0 |   844
        Lair:4 |       0 |   10765 |   0.0 |       0 |      32 |   0.0 |  1199
        Lair:5 |       0 |   12316 |   0.0 |       0 |      29 |   0.0 |  1160
        Lair:6 |       0 |   15679 |   0.0 |       0 |      45 |   0.0 |  1068
       Ossuary |       0 |     340 |   0.0 |       0 |      16 |   0.0 |   522
         IceCv |       0 |   13073 |   0.0 |       0 |      48 |   0.0 |   853
               +---------+---------+-------+---------+---------+-------+---------
